 Dungeon Crawl Stone Soup version 0.29-a0-1016-g236c7fd91e (webtiles) character file.

Game seed: 1375124217388864642

809 Newt the Skirmisher (level 8, -1/48 HPs)
             Began as a Kobold Hunter on Aug 9, 2022.
             Slain by an orc warrior
             ... wielding a +0 scimitar
              (17 damage)
             ... on level 5 of the Dungeon.
             The game lasted 00:06:30 (5388 turns).

Newt the Skirmisher (Kobold Hunter)                 Turns: 5388, Time: 00:06:30

Health: -1/48      AC:  4    Str:  9    XL:     8   Next: 15%
Magic:  8/8        EV: 16    Int: 10    God:
Gold:   235        SH:  0    Dex: 20    Spells: 7/7 levels left

rFire   . . .      SeeInvis .   a - +0 shortbow
rCold   . . .      Faith    .   (shield currently unavailable)
rNeg    . . .      Spirit   .   c - +0 leather armour
rPois   .          Reflect  .   (no helmet)
rElec   .          Harm     .   f - +0 cloak
rCorr   +          Rampage  .   (no gloves)
Will    .....                   (no boots)
Stlth   +++.......              (no amulet)
HPRegen 0.16/turn               g - ring of resist corrosion
MPRegen 0.11/turn               d - ring of wizardry

@: mighty
A: small, no large weapons, nightstalker 3
a: no special abilities


You were on level 5 of the Dungeon.
You visited 1 branch of the dungeon, and saw 5 of its levels.

You collected 300 gold pieces.
You spent 65 gold pieces at shops.

Inventory:

Hand Weapons
 a - a +0 shortbow (weapon)
Armour
 c - a +0 leather armour (worn)
 f - a +0 cloak (worn)
Jewellery
 d - a ring of wizardry (right hand)
 g - a ring of resist corrosion (left hand)
 j - a ring of fire
 q - a ring of magical power
Scrolls
 b - a scroll of immolation
 m - 3 scrolls of identify
Potions
 e - 2 potions of curing
 h - 2 potions of resistance
 i - 2 potions of lignification
 k - a potion of haste
 l - 2 potions of flight
 o - a potion of might
 r - a potion of degeneration


   Skills:
 + Level 4.3 Fighting
 + Level 10.2 Ranged Weapons
 + Level 2.1 Armour
 * Level 4.1 Dodging
 - Level 1.3 Stealth


You had 7 spell levels left.
You didn't know any spells.
Your spell library was empty.

Dungeon Overview and Level Annotations

Branches:
Dungeon (5/15)
 Temple: D:4-7

Altars:
Hepliaklqana
Makhleb

Shops:
D:1 (   D:2 [**

Annotations:
D:3 Grinder
D:5 mandarbmax's ghost, novice OgTm


Innate Abilities, Weirdness & Mutations

You are small and have problems with some larger weapons.
You are completely attuned to the shadows.


Message History

The orc priest mumbles some strange prayers to Beogh against you.
Beogh smites you!
You shoot an arrow.
The arrow closely misses the orc priest.
You shoot an arrow. The arrow hits the orc priest.
The orc priest is heavily wounded.
You shoot an arrow. The arrow hits the orc warrior.
The orc warrior is lightly wounded.
You shoot an arrow. The arrow hits the orc priest!
You kill the orc priest!
The orc warrior hits you with a +0 scimitar!
Unknown command.
Things that are here:
a +0 hand axe; a +0 leather armour; an orc corpse The orc warrior attacks as you move away!
The orc warrior barely misses you.
You feel very mighty all of a sudden. The orc warrior misses you.
Fire: a) +0 shortbow
Press: ? - help, Shift-Dir - straight line, f - orc warrior
Aim: an orc warrior, wielding a +0 scimitar and wearing a +0 chain mail (lightly wounded, 66% to hit)
You shoot an arrow. The arrow hits the orc warrior.
The orc warrior is moderately wounded.
The orc warrior closely misses you.
Fire: a) +0 shortbow
Press: ? - help, Shift-Dir - straight line, f/p - orc warrior
Aim: an orc warrior, wielding a +0 scimitar and wearing a +0 chain mail (moderately wounded, 66% to hit)
You shoot an arrow.
The arrow hits the orc warrior but does no damage.
The orc warrior is moderately wounded.
An orc comes into view. It is wielding a +0 whip.
The orc warrior barely misses you.
Fire: a) +0 shortbow
Press: ? - help, Shift-Dir - straight line, f/p - orc warrior
Aim: an orc warrior, wielding a +0 scimitar and wearing a +0 chain mail (moderately wounded, 66% to hit)
You shoot an arrow.
The arrow hits the orc warrior but does no damage.
The orc warrior is moderately wounded.
The orc warrior hits you with a +0 scimitar!
You die...

####### #.....########
#............#
#............#
#............#
#............#
#.........#########
##.........# #..@oo#
##.........# #.###o#
######.....# #.# #.o...
######.....###.########
...........'.......
.#####...).######## .#
#####.# .# ####.### .#
#......#


You could see an orc warrior and 3 orcs.

Vanquished Creatures
  A black bear (D:5)
  2 phantoms (D:5)
  A necrophage (D:5)
  A scorpion (D:5)
  A hound (D:4)
  An orc priest (D:5)
  3 iguanas
  4 orc wizards
  4 gnolls (D:4)
  9 adders
  An ufetubus (D:5)
  2 dart slugs
  12 orcs
  8 ball pythons
  4 endoplasms
  A giant cockroach (D:2)
  2 goblins (D:2)
  3 hobgoblins (D:4)
  6 kobolds
  5 quokkas
  4 bats
  2 frilled lizards
  3 rats
80 creatures vanquished.

Vanquished Creatures (others)
  An orc wizard (D:5)
1 creature vanquished.

Grand Total: 81 creatures vanquished

Notes
Turn   | Place    | Note
-------+----------+-------------------------------------------
     0 | D:1      | Newt the Kobold Hunter began the quest for the Orb.
     0 | D:1      | Reached XP level 1. HP: 12/12 MP: 1/1
   377 | D:1      | Reached XP level 2. HP: 17/17 MP: 2/2
   388 | D:1      | Found a faded altar of an unknown god.
   621 | D:1      | Found Ydinyoreuc's Antique Weapon Shoppe.
   872 | D:2      | Found Zufrosh's General Store.
   875 | D:2      | Bought a scroll of identify for 26 gold pieces
   875 | D:2      | Bought a potion of curing for 39 gold pieces
   931 | D:2      | Reached skill level 6 in Ranged Weapons
  1057 | D:2      | Reached XP level 3. HP: 22/22 MP: 3/3
  1078 | D:2      | Found Yrruex Huawo's Antique Armour Emporium.
  1156 | D:2      | Found Wujikymi's General Store.
  1221 | D:2      | Reached XP level 4. HP: 2/27 MP: 4/4
  1616 | D:2      | Reached skill level 7 in Ranged Weapons
  1847 | D:3      | Found a burning altar of Makhleb.
  1910 | D:3      | Reached XP level 5. HP: 31/31 MP: 5/5
  2052 | D:3      | Found a hazy altar of Hepliaklqana.
  2403 | D:3      | Noticed Grinder
  2406 | D:3      | Paralysed by Grinder for 4 turns
  2708 | D:4      | Reached skill level 1 in Armour
  2900 | D:4      | Reached skill level 8 in Ranged Weapons
  2902 | D:4      | Reached XP level 6. HP: 12/37 MP: 6/6
  4036 | D:5      | Entered Level 5 of the Dungeon
  4552 | D:5      | Reached skill level 9 in Ranged Weapons
  4552 | D:5      | Reached XP level 7. HP: 4/41 MP: 7/7
  5022 | D:5      | Found a runed translucent door.
  5022 | D:5      | Noticed mandarbmax's ghost (novice OgTm)
  5268 | D:5      | Reached skill level 10 in Ranged Weapons
  5268 | D:5      | Reached XP level 8. HP: 35/48 MP: 8/8
  5388 | D:5      | Slain by an orc warrior

Illustrated notes

Levels and vault maps discovered:
D:1:      dpeg_arrival_lava_altar, layout_rooms, serial_shops, shop,
          dreamdust_ecumenical_altar_statues, chequers_jeans
D:2:      layout_rooms, serial_shops, nicolae_lakefront_shop, shop, shop,
          serial_corexii_hall, chequers_hall_statues_corner_a,
          chequers_hall_statues_y, nrook_campfire, lightli_corner_chamber
D:3:      layout_basic, mainiacjoe_overflow_boulevard,
          nicolae_hepliaklqana_hazy_memory, gammafunk_ghost_cemetery, uniq_ijyb,
          uniq_grinder
D:4:      layout_loops_ring
D:5:      cheibrodos_helix_gallery, layout_basic, minmay_temple_entry_hall,
          hellmonk_ghost_happy_afterlife

Skill      XL: |  1  2  3  4  5  6  7 |
---------------+----------------------+-----
Ranged Weapons | 6 7 8 9 10 | 10.2
Armour         | 1 2 |  2.1
Fighting       | 3 4 |  4.3
Dodging        | 3 4 |  4.1
Stealth        | |  1.3

Action                   |  1- 3 |  4- 6 |  7- 9 || total
-------------------------+-------+-------+-------++-------
Melee: Shortbow          |       |     1 |       ||     1
 Fire: Shortbow          |    62 |   155 |    55 ||   272
  Use: Scroll            |     5 |     5 |     3 ||    13
       Potion            |       |     2 |     2 ||     4
Armor: Leather armour    |     8 |    20 |     6 ||    34
Dodge: Dodged            |    27 |    65 |    27 ||   119

Table legend: (Time is in decaauts)
 A = Elapsed time spent in this place.
 B = Non-inter-level travel time spent in this place.
 C = Inter-level travel time spent in this place.
 D = Time resting spent in this place.
 E = Time spent auto-exploring this place.
 F = Levels seen in this place.
 G = Mean time per level.
                   A        B        C        D        E       F      G
               +--------+--------+--------+--------+--------+-----+--------+
         Total |   5415 |   5295 |    120 |   1508 |   3255 |   5 | 1083.0 |
       Dungeon |   5415 |   5295 |    120 |   1508 |   3255 |   5 | 1083.0 |
               +--------+--------+--------+--------+--------+-----+--------+

Top non-repeatable levels by time:
     D:4: 1628 daAuts
     D:5: 1348 daAuts
     D:2: 976 daAuts
     D:1: 877 daAuts
     D:3: 584 daAuts
